BSA
FRESNO DEPLORABLES @ NEW ORLEANS LOOTERS
06/29/2028
 
TOP OF THE 1ST
Fresno Deplorables batting - Pitching for New Orleans Looters : RHP Chris Martin
Pitching: RHP Chris Martin
Batting: RHB Jared Thompson 0-0: Called Strike
0-1: Ball
1-1: SINGLE (Groundball, 4MD)
Batting: LHB Paul Mullins 0-0: Called Strike
0-1: Ball
1-1: Swinging Strike
1-2: Foul Ball, location: 2F
1-2: Ball
Jared Thompson steals 2nd base
2-2: Strikes out looking
Batting: LHB Jeff Daniels 0-0: Called Strike
0-1: 2-RUN HOME RUN (Flyball, 9LD), Distance : 337 ft
Batting: LHB Troy Donaldson 0-0: Called Strike
0-1: Ball
1-1: Swinging Strike
1-2: Fly out, F9 (Flyball, 9S)
Batting: RHB Paco Arellano 0-0: Ball
1-0: Called Strike
1-1: Swinging Strike
1-2: Ball
2-2: Foul Ball, location: 2F
2-2: Ball
3-2: Foul Ball, location: 2F
3-2: Base on Balls
Batting: RHB Manolo Román 0-0: Ball
1-0: Ball
2-0: Called Strike
2-1: Ball
3-1: Base on Balls
Paco Arellano to second
Batting: RHB Dani Vázquez 0-0: Called Strike
0-1: Foul Ball, location: 2F
0-2: Ball
1-2: Ball
2-2: SINGLE (Line Drive, 89S)
Paco Arellano to third
Manolo Román to second
Batting: RHB António Zúńiga 0-0: Ball
1-0: Fielders Choice at 2nd, 4-6 (Groundball, 4)
Top of the 1st over - 2 run(s), 3 hit(s), 0 error(s), 2 left on base; Fresno 2 - New Orleans 0
BOTTOM OF THE 1ST
New Orleans Looters batting - Pitching for Fresno Deplorables : RHP Nelson Ortega
Pitching: RHP Nelson Ortega
Batting: SHB Arturo Sánchez 0-0: Ground out 5-3 (Groundball, 5)
Batting: LHB Miguel Colón 0-0: Called Strike
0-1: Foul Ball, location: 2F
0-2: SINGLE (Flyball, 78S)
Batting: LHB Seung-chun Mun 0-0: Called Strike
0-1: Ball
1-1: Ball
2-1: Ball
3-1: Foul Ball, location: 2F
3-2: Foul Ball, location: 2F
3-2: Foul Ball, location: 2F
3-2: Fly out, F5 (Popup, 5L)
Batting: RHB Stephen Shaw 0-0: Called Strike
Miguel Colón is caught stealing 2nd base
Bottom of the 1st over - 0 run(s), 1 hit(s), 0 error(s), 0 left on base; Fresno 2 - New Orleans 0
TOP OF THE 2ND
Fresno Deplorables batting - Pitching for New Orleans Looters : RHP Chris Martin
Batting: RHB Alberto Campos 0-0: Foul Ball, location: 2F
0-1: Ball
1-1: Called Strike
1-2: Strikes out looking
Batting: RHB Jared Thompson 0-0: Foul Ball, location: 2F
0-1: Called Strike
0-2: Strikes out swinging
Batting: LHB Paul Mullins 0-0: Swinging Strike
0-1: Ball
1-1: Swinging Strike
1-2: Ball
2-2: Ground out 1-3 (Groundball, 13S)
Top of the 2nd over - 0 run(s), 0 hit(s), 0 error(s), 0 left on base; Fresno 2 - New Orleans 0
BOTTOM OF THE 2ND
New Orleans Looters batting - Pitching for Fresno Deplorables : RHP Nelson Ortega
Batting: RHB Stephen Shaw 0-0: Ball
1-0: Ball
2-0: Called Strike
2-1: Ball
3-1: Fly out, F8 (Line Drive, 8LM)
Batting: RHB Dave O'Loan 0-0: Foul Ball, location: 2F
0-1: Ball
1-1: Ball
2-1: Ground out 6-3 (Groundball, 6D)
Batting: LHB Eduardo Rodríguez 0-0: Fly out, F8 (Flyball, 78M)
Bottom of the 2nd over - 0 run(s), 0 hit(s), 0 error(s), 0 left on base; Fresno 2 - New Orleans 0
TOP OF THE 3RD
Fresno Deplorables batting - Pitching for New Orleans Looters : RHP Chris Martin
Batting: LHB Jeff Daniels 0-0: Called Strike
0-1: Ball
1-1: Swinging Strike
1-2: Strikes out swinging
Batting: LHB Troy Donaldson 0-0: Called Strike
0-1: Ball
1-1: Foul Ball, location: 2F
1-2: Foul Ball, location: 2F
1-2: Fly out, F6 (Popup, 6MD)
Batting: RHB Paco Arellano 0-0: Ball
1-0: Foul Ball, location: 2F
1-1: Ball
2-1: Foul Ball, location: 2F
2-2: Ball
3-2: Fly out, F9 (Line Drive, 9S)
Top of the 3rd over - 0 run(s), 0 hit(s), 0 error(s), 0 left on base; Fresno 2 - New Orleans 0
BOTTOM OF THE 3RD
New Orleans Looters batting - Pitching for Fresno Deplorables : RHP Nelson Ortega
Batting: LHB Taylor Smith 0-0: DOUBLE (Line Drive, 9LS)
Batting: RHB Run-ming Zhu 0-0: Ball
1-0: Ball
2-0: Fly out, F7 (Flyball, 7LSF)
Batting: LHB Francisco Vega 0-0: Called Strike
0-1: Fly out, F8 (Flyball, 8LD)
Runner from 2nd tags up, SAFE at 3rd, no throw
Batting: SHB Arturo Sánchez 0-0: Ball
1-0: SINGLE (Groundball, 56D)
Taylor Smith scores
Batting: LHB Miguel Colón 0-0: Ball
Arturo Sánchez is caught stealing 2nd base
Bottom of the 3rd over - 1 run(s), 2 hit(s), 0 error(s), 0 left on base; Fresno 2 - New Orleans 1
TOP OF THE 4TH
Fresno Deplorables batting - Pitching for New Orleans Looters : RHP Chris Martin
Batting: RHB Manolo Román 0-0: Called Strike
0-1: Foul Ball, location: 2F
0-2: Ball
1-2: Ball
2-2: Fly out, F4 (Popup, 4)
Batting: RHB Dani Vázquez 0-0: Ball
1-0: Called Strike
1-1: Ball
2-1: Ground out 6-3 (Groundball, 6)
Batting: RHB António Zúńiga 0-0: Ball
1-0: Foul Ball, location: 2F
1-1: Foul Ball, location: 2F
1-2: Strikes out looking
Top of the 4th over - 0 run(s), 0 hit(s), 0 error(s), 0 left on base; Fresno 2 - New Orleans 1
BOTTOM OF THE 4TH
New Orleans Looters batting - Pitching for Fresno Deplorables : RHP Nelson Ortega
Batting: LHB Miguel Colón 0-0: Ball
1-0: Called Strike
1-1: Foul Ball, location: 2F
1-2: Strikes out swinging
Batting: LHB Seung-chun Mun 0-0: Foul Ball, location: 2F
0-1: Ball
1-1: Ball
2-1: Ground out U3 (Groundball, 3)
Batting: RHB Stephen Shaw 0-0: Ball
1-0: Ball
2-0: Fly out, F8 (Flyball, 8RM)
Bottom of the 4th over - 0 run(s), 0 hit(s), 0 error(s), 0 left on base; Fresno 2 - New Orleans 1
TOP OF THE 5TH
Fresno Deplorables batting - Pitching for New Orleans Looters : RHP Chris Martin
Batting: RHB Alberto Campos 0-0: Foul Ball, location: 2F
0-1: Ball
1-1: Ball
2-1: Ground out U3 (Groundball, 23)
Batting: RHB Jared Thompson 0-0: Swinging Strike
0-1: Ground out 6-3 (Groundball, 6)
Batting: LHB Paul Mullins 0-0: Fly out, F7 (Flyball, 7LSF)
Top of the 5th over - 0 run(s), 0 hit(s), 0 error(s), 0 left on base; Fresno 2 - New Orleans 1
BOTTOM OF THE 5TH
New Orleans Looters batting - Pitching for Fresno Deplorables : RHP Nelson Ortega
Batting: RHB Dave O'Loan 0-0: Foul Ball, location: 2F
0-1: Ball
1-1: SINGLE (Groundball, 6MD)
Batting: LHB Eduardo Rodríguez 0-0: Fly out, F7 (Flyball, 7LSF)
Lined into DP, 7-3 (Flyball, 7LSF)
Batting: LHB Taylor Smith 0-0: Called Strike
0-1: Fly out, F7 (Flyball, 7)
Bottom of the 5th over - 0 run(s), 1 hit(s), 0 error(s), 0 left on base; Fresno 2 - New Orleans 1
TOP OF THE 6TH
Fresno Deplorables batting - Pitching for New Orleans Looters : RHP Chris Martin
Batting: LHB Jeff Daniels 0-0: Ball
1-0: Ground out 5-3 (Groundball, 56)
Batting: LHB Troy Donaldson 0-0: Called Strike
0-1: Ball
1-1: Called Strike
1-2: Ball
2-2: Foul Ball, location: 2F
2-2: Ball
3-2: Foul Ball, location: 2F
3-2: Foul Ball, location: 2F
3-2: Foul Ball, location: 2F
3-2: Strikes out swinging
Batting: RHB Paco Arellano 0-0: Called Strike
0-1: Ball
1-1: Ball
2-1: Foul Ball, location: 2F
2-2: Ground out 1-3 (Groundball, 13S)
Top of the 6th over - 0 run(s), 0 hit(s), 0 error(s), 0 left on base; Fresno 2 - New Orleans 1
BOTTOM OF THE 6TH
New Orleans Looters batting - Pitching for Fresno Deplorables : RHP Nelson Ortega
Batting: RHB Run-ming Zhu 0-0: Ball
1-0: Ball
2-0: Swinging Strike
2-1: Ball
3-1: Called Strike
3-2: Strikes out swinging
Batting: LHB Francisco Vega 0-0: Foul Ball, location: 2F
0-1: Ball
1-1: Ground out 6-3 (Groundball, 6MD)
Batting: SHB Arturo Sánchez 0-0: Foul Ball, location: 2F
0-1: Foul Ball, location: 2F
0-2: Foul Ball, location: 2F
0-2: Foul Ball, location: 2F
0-2: Ball
1-2: Ball
2-2: Foul Ball, location: 2F
2-2: Foul Ball, location: 2F
2-2: Fly out, F7 (Flyball, 78S)
Bottom of the 6th over - 0 run(s), 0 hit(s), 0 error(s), 0 left on base; Fresno 2 - New Orleans 1
TOP OF THE 7TH
Fresno Deplorables batting - Pitching for New Orleans Looters : RHP Chris Martin
Batting: RHB Manolo Román 0-0: Ball
1-0: Called Strike
1-1: Ball
2-1: Ball
3-1: Swinging Strike
3-2: Foul Ball, location: 2F
3-2: Ground out 6-3 (Groundball, 6S)
Batting: RHB Dani Vázquez 0-0: Swinging Strike
0-1: Ball
1-1: Foul Ball, location: 2F
1-2: Ball
2-2: Strikes out swinging
Batting: RHB António Zúńiga 0-0: Ball
1-0: Fly out, F6 (Line Drive, 6)
Top of the 7th over - 0 run(s), 0 hit(s), 0 error(s), 0 left on base; Fresno 2 - New Orleans 1
BOTTOM OF THE 7TH
New Orleans Looters batting - Pitching for Fresno Deplorables : RHP Nelson Ortega
Batting: LHB Miguel Colón 0-0: Foul Ball, location: 2F
0-1: SOLO HOME RUN (Flyball, 7D), Distance : 363 ft
Batting: LHB Seung-chun Mun 0-0: Called Strike
0-1: Ball
1-1: Ball
2-1: DOUBLE (Groundball, 3L)
Batting: RHB Stephen Shaw 0-0: Ball
1-0: DOUBLE (Groundball, 5L)
Seung-chun Mun scores
Batting: RHB Dave O'Loan 0-0: Ball
1-0: Fly out, F7 (Flyball, 7LS)
Batting: LHB Eduardo Rodríguez 0-0: Foul Ball, location: 2F
0-1: Ball
1-1: SINGLE (Flyball, 89S)
Stephen Shaw to third
Runner from 3rd tries for Home, SAFE, no throw
Batting: LHB Taylor Smith 0-0: Called Strike
0-1: Ground out 4-3 (Groundball, 34)
Eduardo Rodríguez to second
Batting: RHB Run-ming Zhu 0-0: Foul Ball, location: 2F
0-1: Called Strike
0-2: Ground out 6-3 (Groundball, 6)
Bottom of the 7th over - 3 run(s), 4 hit(s), 0 error(s), 1 left on base; Fresno 2 - New Orleans 4
TOP OF THE 8TH
Fresno Deplorables batting - Pitching for New Orleans Looters : RHP Chris Martin
Pitching: RHP Juan Flores
Batting: RHB Alberto Campos 0-0: Called Strike
0-1: Foul Ball, location: 2F
0-2: Ball
1-2: Ball
2-2: Ball
3-2: Foul Ball, location: 2F
3-2: Base on Balls
Pitching: RHP Edward Baker
Batting: RHB Jared Thompson 0-0: Ball
1-0: Fly out, F6 (Popup, 6D)
Pitching: LHP Santiago Valentín
Batting: LHB Paul Mullins 0-0: Called Strike
0-1: Ball
1-1: Foul Ball, location: 2F
1-2: Ball
2-2: Fly out, F8 (Flyball, 8LM)
Batting: LHB Jeff Daniels 0-0: Swinging Strike
0-1: Ball
1-1: Foul Ball, location: 2F
1-2: Strikes out looking
Top of the 8th over - 0 run(s), 0 hit(s), 0 error(s), 1 left on base; Fresno 2 - New Orleans 4
BOTTOM OF THE 8TH
New Orleans Looters batting - Pitching for Fresno Deplorables : RHP Nelson Ortega
Batting: LHB Francisco Vega 0-0: Ball
1-0: Ground out 4-3 (Groundball, 4MD)
Batting: SHB Arturo Sánchez 0-0: Fly out, F7 (Line Drive, 7S)
Batting: LHB Miguel Colón 0-0: Called Strike
0-1: Ball
1-1: Foul Ball, location: 2F
1-2: Ground out 6-3 (Groundball, 6)
Bottom of the 8th over - 0 run(s), 0 hit(s), 0 error(s), 0 left on base; Fresno 2 - New Orleans 4
TOP OF THE 9TH
Fresno Deplorables batting - Pitching for New Orleans Looters : LHP Santiago Valentín
Pitching: LHP Juan Méndez
Batting: LHB Troy Donaldson 0-0: Called Strike
0-1: Ball
1-1: Ball
2-1: Called Strike
2-2: DOUBLE (Line Drive, 89M)
Batting: RHB Paco Arellano 0-0: Ball
1-0: Ball
2-0: Foul Ball, location: 2F
2-1: Called Strike
2-2: Ball
3-2: Strikes out swinging
Batting: RHB Manolo Román 0-0: Foul Ball, location: 2F
0-1: Ball
1-1: Swinging Strike
1-2: Foul Ball, location: 2F
1-2: Foul Ball, location: 2F
1-2: Strikes out swinging
Batting: RHB Dani Vázquez 0-0: Called Strike
0-1: Ground out 6-3 (Groundball, 56)
Top of the 9th over - 0 run(s), 1 hit(s), 0 error(s), 1 left on base; Fresno 2 - New Orleans 4
Tuesday, August 8th, 2017 - OOTP Baseball 17.12 Build 75